TOP OF THE 1ST |
Seattle Mariners batting - Pitching for Boston Red Sox : RHP Reece Nichols
|
Pitching: RHP Reece Nichols
|
|
Batting: LHB Jerrod Cluck
|
0-0: Swinging Strike 0-1: Foul Ball, location: 2F 0-2: SOLO HOME RUN (Flyball, 89XD, EV 110.6 MPH), Distance : 442 ft
|
Batting: SHB Floyd-William Goof
|
0-0: Ball 1-0: Foul Ball, location: 2F 1-1: Ball 2-1: Ball 3-1: SINGLE (Line Drive, 7S, EV 98.1 MPH)
|
Batting: LHB Bi-jun Chien
|
0-0: Called Strike 0-1: Foul Ball, location: 2F 0-2: Foul Ball, location: 2F 0-2: Fielders Choice at 2nd, 2-6 (Groundball, 2R, EV 68.1 MPH)
|
Batting: RHB Bobby Larson
|
0-0: Ball 1-0: Ball 2-0: Foul Ball, location: 2F 2-1: Foul Ball, location: 2F 2-2: Strikes out swinging
|
Batting: RHB Jose Vasquez
|
0-0: Ball 1-0: Called Strike 1-1: Called Strike 1-2: Ball 2-2: Foul Ball, location: 2F 2-2: Strikes out swinging
|
Top of the 1st over - 1 run, 2 hits, 0 errors, 1 left on base; Seattle 1 - Boston 0 |
BOTTOM OF THE 1ST |
Boston Red Sox batting - Pitching for Seattle Mariners : RHP Brent Garland
|
Pitching: RHP Brent Garland
|
|
Batting: RHB Alois Wollf
|
0-0: Ball 1-0: Ground out 6-3 (Groundball, 6, EV 81.2 MPH)
|
Batting: LHB Mike Mentzer
|
0-0: Ball 1-0: Ground out 4-3 (Groundball, 4, EV 83.8 MPH)
|
Batting: RHB Cesar Breceda
|
0-0: Ball 1-0: Ball 2-0: Ball 3-0: Called Strike 3-1: SINGLE (Groundball, 6S, EV 71.2 MPH) (infield hit)
|
Batting: SHB Robbie Rogers
|
0-0: Ball 1-0: DOUBLE (Line Drive, 78D, EV 101.9 MPH) Cesar Breceda to third Runner from 3rd tries for Home, SAFE, throw by CF to trailing runner, SAFE at third!
|
Batting: SHB Marvin Lawrence
|
0-0: Called Strike 0-1: Ball 1-1: Swinging Strike 1-2: Foul Ball, location: 2F 1-2: Ball 2-2: Hit by Pitch
|
Batting: RHB Pedro Nin
|
0-0: Called Strike 0-1: Fielders Choice at 2nd, 6-4 (Groundball, 56, EV 83.8 MPH)
|
Bottom of the 1st over - 1 run, 2 hits, 0 errors, 2 left on base; Seattle 1 - Boston 1 |
TOP OF THE 2ND |
Seattle Mariners batting - Pitching for Boston Red Sox : RHP Reece Nichols
|
Batting: RHB Tony Vargas
|
0-0: Ball 1-0: Fly out, F7 (Line Drive, 7D, EV 105.0 MPH)
|
Batting: RHB Harutomi Matsubara
|
0-0: Called Strike 0-1: Foul Ball, location: 2F 0-2: Ball 1-2: SINGLE (Groundball, 34D, EV 99.4 MPH)
|
Batting: RHB Jimmy Hammertime
|
0-0: Grounds into double play, 6-4-3 (Groundball, 6, EV 82.5 MPH)
|
Top of the 2nd over - 0 runs, 1 hit, 0 errors, 0 left on base; Seattle 1 - Boston 1 |
BOTTOM OF THE 2ND |
Boston Red Sox batting - Pitching for Seattle Mariners : RHP Brent Garland
|
Batting: LHB Shoichi Aso
|
0-0: Ball 1-0: Called Strike 1-1: Ground out 5-3 (Groundball, 5, EV 87.5 MPH)
|
Batting: RHB Scott Treider
|
0-0: TRIPLE (Flyball, 78XD, EV 96.2 MPH)
|
Batting: LHB Tim Fuller
|
0-0: Swinging Strike 0-1: Foul Ball, location: 2F 0-2: Strikes out swinging
|
Batting: RHB Alois Wollf
|
0-0: Ball 1-0: Ball 2-0: Ground out 6-3 (Groundball, 6MS, EV 70.0 MPH)
|
Bottom of the 2nd over - 0 runs, 1 hit, 0 errors, 1 left on base; Seattle 1 - Boston 1 |
TOP OF THE 3RD |
Seattle Mariners batting - Pitching for Boston Red Sox : RHP Reece Nichols
|
Batting: RHB Malik Brookshire
|
0-0: Ground out 6-3 (Groundball, 6, EV 80.6 MPH)
|
Batting: LHB Jerrod Cluck
|
0-0: Ball 1-0: SINGLE (Line Drive, 9S, EV 91.2 MPH)
|
Batting: SHB Floyd-William Goof
|
0-0: Ball 1-0: Called Strike 1-1: SINGLE (Line Drive, 5D, EV 98.8 MPH) Jerrod Cluck to second Runner from 2nd tries for 3rd, SAFE, no throw by LF
|
Batting: LHB Bi-jun Chien
|
0-0: Called Strike 0-1: Ground out 5-3 (Groundball, 6S, EV 71.2 MPH) Floyd-William Goof to second
|
Batting: RHB Bobby Larson
|
0-0: Foul Ball, location: 2F 0-1: Ball 1-1: Ball 2-1: Foul Ball, location: 2F 2-2: Foul Ball, location: 2F 2-2: Ball 3-2: SINGLE (Line Drive, 7LS, EV 100.0 MPH) Jerrod Cluck scores Floyd-William Goof to third Runner from 3rd tries for Home, SAFE, throw by LF to home
|
Batting: RHB Jose Vasquez
|
0-0: Ball 1-0: Called Strike 1-1: Foul Ball, location: 2F 1-2: Foul Ball, location: 2F 1-2: Ball 2-2: Strikes out swinging
|
Top of the 3rd over - 2 runs, 3 hits, 0 errors, 1 left on base; Seattle 3 - Boston 1 |
BOTTOM OF THE 3RD |
Boston Red Sox batting - Pitching for Seattle Mariners : RHP Brent Garland
|
Batting: LHB Mike Mentzer
|
0-0: Ball 1-0: SINGLE (Line Drive, 7S, EV 90.6 MPH)
|
Batting: RHB Cesar Breceda
|
0-0: Ball 1-0: Ball 2-0: SINGLE (Groundball, 56, EV 99.4 MPH) Mike Mentzer to second
|
Batting: SHB Robbie Rogers
|
0-0: Called Strike 0-1: Called Strike Mike Mentzer steals 3rd base Cesar Breceda to second 0-2: Strikes out swinging
|
Batting: SHB Marvin Lawrence
|
0-0: Called Strike 0-1: Swinging Strike 0-2: Ball 1-2: Strikes out swinging
|
Batting: RHB Pedro Nin
|
0-0: Swinging Strike 0-1: Ball 1-1: Ball 2-1: Ball 3-1: Called Strike 3-2: Ground out 1-3 (Groundball, 34S, EV 72.5 MPH)
|
Bottom of the 3rd over - 0 runs, 2 hits, 0 errors, 2 left on base; Seattle 3 - Boston 1 |
TOP OF THE 4TH |
Seattle Mariners batting - Pitching for Boston Red Sox : RHP Reece Nichols
|
Batting: RHB Tony Vargas
|
0-0: Ball 1-0: Foul Ball, location: 2F 1-1: Ball 2-1: Ground out 3-1 (Groundball, 34S, EV 90.0 MPH)
|
Batting: RHB Harutomi Matsubara
|
0-0: Ball 1-0: Swinging Strike 1-1: Ball 2-1: Ground out 5-3 (Groundball, 56S, EV 66.9 MPH)
|
Batting: RHB Jimmy Hammertime
|
0-0: Ball 1-0: Ground out 5-3 (Groundball, 56S, EV 83.1 MPH)
|
Top of the 4th over - 0 runs, 0 hits, 0 errors, 0 left on base; Seattle 3 - Boston 1 |
BOTTOM OF THE 4TH |
Boston Red Sox batting - Pitching for Seattle Mariners : RHP Brent Garland
|
Batting: LHB Shoichi Aso
|
0-0: Fly out, F9 (Line Drive, 9S, EV 96.2 MPH)
|
Batting: RHB Scott Treider
|
0-0: Ball 1-0: Foul Ball, location: 2F 1-1: Ball 2-1: Ground out 4-3 (Groundball, 34, EV 92.5 MPH)
|
Batting: LHB Tim Fuller
|
0-0: Ball 1-0: SINGLE (Flyball, 6D, EV 86.9 MPH)
|
Batting: RHB Alois Wollf
|
0-0: Called Strike 0-1: Swinging Strike 0-2: SINGLE (Groundball, 6MD, EV 96.9 MPH) Tim Fuller to second Runner from 2nd tries for 3rd, SAFE, no throw by CF
|
Batting: LHB Mike Mentzer
|
0-0: Ball 1-0: Ball 2-0: 3-RUN HOME RUN (Flyball, 9D, EV 106.2 MPH), Distance : 415 ft
|
Batting: RHB Cesar Breceda
|
0-0: Ball 1-0: Foul Ball, location: 2F 1-1: Fly out, F9 (Flyball, 9S, EV 81.9 MPH)
|
Bottom of the 4th over - 3 runs, 3 hits, 0 errors, 0 left on base; Seattle 3 - Boston 4 |
TOP OF THE 5TH |
Seattle Mariners batting - Pitching for Boston Red Sox : RHP Reece Nichols
|
Batting: RHB Malik Brookshire
|
0-0: Ball 1-0: Ground out 5-3 (Groundball, 56, EV 103.8 MPH)
|
Batting: LHB Jerrod Cluck
|
0-0: Ball 1-0: Ball 2-0: Foul Ball, location: 2F 2-1: Ball 3-1: Swinging Strike 3-2: Base on Balls
|
Batting: SHB Floyd-William Goof
|
0-0: Called Strike 0-1: Ball 1-1: Fly out, F9 (Flyball, 9D, EV 86.9 MPH)
|
Batting: LHB Bi-jun Chien
|
0-0: Ball 1-0: Ground out 5-3 (Groundball, 6S, EV 69.4 MPH)
|
Top of the 5th over - 0 runs, 0 hits, 0 errors, 1 left on base; Seattle 3 - Boston 4 |
BOTTOM OF THE 5TH |
Boston Red Sox batting - Pitching for Seattle Mariners : RHP Brent Garland
|
Batting: SHB Robbie Rogers
|
0-0: Foul Ball, location: 2F 0-1: Foul Ball, location: 2F 0-2: Strikes out looking
|
Batting: SHB Marvin Lawrence
|
0-0: Foul Ball, location: 2F 0-1: Swinging Strike 0-2: Ball 1-2: Strikes out looking
|
Batting: RHB Pedro Nin
|
0-0: Called Strike 0-1: Ball 1-1: Ball 2-1: SINGLE (Line Drive, 78S, EV 95.0 MPH)
|
Pitching: RHP Nate Jackson
|
|
Batting: LHB Shoichi Aso
|
0-0: Ball 1-0: Ball Pedro Nin is caught stealing 2nd base 2-6
|
Bottom of the 5th over - 0 runs, 1 hit, 0 errors, 0 left on base; Seattle 3 - Boston 4 |
TOP OF THE 6TH |
Seattle Mariners batting - Pitching for Boston Red Sox : RHP Reece Nichols
|
Batting: RHB Bobby Larson
|
0-0: Called Strike 0-1: Ball 1-1: Ball 2-1: Ground out 5-3 (Groundball, 5L, EV 90.0 MPH)
|
Batting: RHB Jose Vasquez
|
0-0: Called Strike 0-1: Called Strike 0-2: Strikes out looking
|
Batting: RHB Tony Vargas
|
0-0: Foul Ball, location: 2F 0-1: Swinging Strike 0-2: Foul Ball, location: 2F 0-2: Ball 1-2: Foul Ball, location: 2F 1-2: Strikes out swinging
|
Top of the 6th over - 0 runs, 0 hits, 0 errors, 0 left on base; Seattle 3 - Boston 4 |
BOTTOM OF THE 6TH |
Boston Red Sox batting - Pitching for Seattle Mariners : RHP Nate Jackson
|
Batting: LHB Shoichi Aso
|
0-0: Called Strike 0-1: Called Strike 0-2: SINGLE (Groundball, 4MD, EV 108.1 MPH)
|
Batting: RHB Scott Treider
|
0-0: Grounds into double play, 6-4-3 (Groundball, 6, EV 103.8 MPH)
|
Batting: LHB Tim Fuller
|
0-0: Called Strike 0-1: Called Strike 0-2: Fly out, F7 (Flyball, 7, EV 91.2 MPH)
|
Bottom of the 6th over - 0 runs, 1 hit, 0 errors, 0 left on base; Seattle 3 - Boston 4 |
TOP OF THE 7TH |
Seattle Mariners batting - Pitching for Boston Red Sox : RHP Reece Nichols
|
Batting: RHB Harutomi Matsubara
|
0-0: Ball 1-0: Called Strike 1-1: Foul Ball, location: 2F 1-2: Strikes out swinging
|
Batting: RHB Jimmy Hammertime
|
0-0: Called Strike 0-1: Ball 1-1: Foul Ball, location: 2F 1-2: Strikes out swinging
|
Batting: RHB Malik Brookshire
|
0-0: Called Strike 0-1: Called Strike 0-2: Hit by Pitch
|
Pitching: LHP Mike Nimmo
|
|
Batting: LHB Jerrod Cluck
|
0-0: Called Strike 0-1: Ball 1-1: Called Strike 1-2: Ball 2-2: SINGLE (Groundball, 56, EV 98.8 MPH) Malik Brookshire to second
|
Batting: SHB Floyd-William Goof
|
0-0: Ball 1-0: Ball 2-0: Foul Ball, location: 2F 2-1: Called Strike 2-2: Strikes out swinging
|
Top of the 7th over - 0 runs, 1 hit, 0 errors, 2 left on base; Seattle 3 - Boston 4 |
BOTTOM OF THE 7TH |
Boston Red Sox batting - Pitching for Seattle Mariners : RHP Nate Jackson
|
Pitching: RHP William de Jesus
|
|
Batting: RHB Alois Wollf
|
0-0: Ball 1-0: Ball 2-0: Ball 3-0: Called Strike 3-1: Base on Balls
|
Batting: LHB Mike Mentzer
|
0-0: Called Strike 0-1: Bunted foul 0-2: Foul Ball, location: 2F 0-2: Foul Ball, location: 2F 0-2: Foul Ball, location: 2F 0-2: Fly out, F2 (Popup, 25F, EV 46.9 MPH)
|
Batting: RHB Cesar Breceda
|
0-0: Ball 1-0: Ball 2-0: Ball 3-0: Base on Balls Alois Wollf to second
|
Batting: SHB Robbie Rogers
|
0-0: Called Strike 0-1: Ball 1-1: SINGLE (Line Drive, 6MD, EV 95.0 MPH) Alois Wollf to third Cesar Breceda to second Runner from 3rd tries for Home, SAFE, throw by CF to home
|
Batting: SHB Marvin Lawrence
|
0-0: Called Strike 0-1: Ball 1-1: Foul Ball, location: 2F 1-2: Ball 2-2: Foul Ball, location: 2F 2-2: Strikes out swinging
|
Batting: RHB Pedro Nin
|
0-0: Ball 1-0: Foul Ball, location: 2F 1-1: Ball 2-1: Ball 3-1: Base on Balls Cesar Breceda to third Robbie Rogers to second
|
Pitching: LHP Jose Rodriguez
|
|
Batting: LHB Shoichi Aso
|
0-0: Ball 1-0: Foul Ball, location: 2F 1-1: Ball 2-1: Swinging Strike 2-2: Foul Ball, location: 2F 2-2: Strikes out swinging
|
Bottom of the 7th over - 1 run, 1 hit, 0 errors, 3 left on base; Seattle 3 - Boston 5 |
TOP OF THE 8TH |
Seattle Mariners batting - Pitching for Boston Red Sox : LHP Mike Nimmo
|
Batting: LHB Bi-jun Chien
|
0-0: Swinging Strike 0-1: Ground out 6-3 (Groundball, 4M, EV 104.4 MPH)
|
Pitching: RHP Kyle Ehret
|
|
Batting: RHB Bobby Larson
|
0-0: Called Strike 0-1: Foul Ball, location: 2F 0-2: Ground out 1-3 (Groundball, 15S, EV 73.8 MPH)
|
Batting: RHB Jose Vasquez
|
0-0: Ball 1-0: Ball 2-0: Ball 3-0: Swinging Strike 3-1: Foul Ball, location: 2F 3-2: Strikes out looking
|
Top of the 8th over - 0 runs, 0 hits, 0 errors, 0 left on base; Seattle 3 - Boston 5 |
BOTTOM OF THE 8TH |
Boston Red Sox batting - Pitching for Seattle Mariners : LHP Jose Rodriguez
|
Pitching: RHP Tom Graham
|
|
Batting: RHB Scott Treider
|
0-0: Called Strike 0-1: Foul Ball, location: 2F 0-2: Strikes out swinging
|
Pitching: LHP Lance Crumpton
|
|
Batting: LHB Tim Fuller
|
0-0: Ball 1-0: Ball 2-0: Foul Ball, location: 2F 2-1: Foul Ball, location: 2F 2-2: Ball 3-2: Fly out, F8 (Flyball, 8RD, EV 84.4 MPH)
|
Batting: RHB Alois Wollf
|
0-0: Ball 1-0: Foul Ball, location: 2F 1-1: Swinging Strike 1-2: Strikes out looking
|
Bottom of the 8th over - 0 runs, 0 hits, 0 errors, 0 left on base; Seattle 3 - Boston 5 |
TOP OF THE 9TH |
Seattle Mariners batting - Pitching for Boston Red Sox : RHP Kyle Ehret
|
Pitching: RHP Guadalupe Vasguez
|
|
Now at 1B: Kevin McCormic Jr.
|
|
Now in LF: Joe Smack
|
|
Batting: RHB Tony Vargas
|
0-0: Ball 1-0: Fly out, F7 (Flyball, 78S, EV 75.6 MPH)
|
Batting: RHB Harutomi Matsubara
|
0-0: Called Strike 0-1: Fly out, F8 (Flyball, 8LS, EV 94.4 MPH)
|
Batting: RHB Jimmy Hammertime
|
0-0: Called Strike 0-1: Called Strike 0-2: Strikes out swinging
|
Top of the 9th over - 0 runs, 0 hits, 0 errors, 0 left on base; Seattle 3 - Boston 5 |
|